 Dungeon Sprint DCSS version 0.29-a0-103-g37f86683bf (webtiles) character file.

Game seed: 11111870312469437850

106167 mhtbhm the Conqueror (level 15, -3/174 HPs)
             Began as a Green Draconian Berserker on Feb 16, 2022.
             Was the Champion of Trog.
             Killed from afar by a nagaraja (19 damage)
             ... with a poison arrow
             ... in the Dungeon (Sprint IX: "|||||||||||||||||||||||||||||").
             The game lasted 00:12:26 (5549 turns).

mhtbhm the Conqueror (Green Draconian Berserker)    Turns: 5549, Time: 00:12:27

Health: -3/174     AC: 14    Str: 38    XL:     15   Next: 59%
Magic:  8/8        EV: 19    Int:  3    God:    Trog [******]
Gold:   1464       SH:  0    Dex: 16    Spells: 14/14 levels left

rFire   . . .      SeeInvis +   a - +6 great mace (antimagic)
rCold   . . .      Faith    .   (shield currently unavailable)
rNeg    . . .      Spirit   .   (armour unavailable)
rPois   +          Reflect  .   (helmet restricted)
rElec   +          Harm     .   w - +1 cloak of Cilehaid {Rampage +Inv SInv}
rCorr   .          Rampage  +   A - +1 pair of gloves
Will    +....      NoTele   +   q - +0 pair of boots "Wimuo" {rElec MP+9 Int-5 Dex+5}
Stlth   ++++++++..              (no amulet)
HPRegen 0.39/turn               H - +6 ring of strength
MPRegen 0.11/turn               I - +6 ring of strength

@: lethally poisoned (-3 -> -21), on berserk cooldown, slowed, constricted, very
slow
A: breathe noxious fumes, AC +9, unfitting armour, stinger 1, poison resistance,
cold-blooded
}: 1/17 runes: decaying
a: Breathe Noxious Fumes, Renounce Religion, Evoke Invisibility, Berserk, Trog's
Hand, Brothers in Arms


You were in the Dungeon.
You worshipped Trog.
Trog was exalted by your worship.
You visited 1 branch You collected 1943 gold pieces.
You spent 479 gold pieces at shops.

Inventory:

Hand Weapons
 a - a +6 antimagic great mace (weapon)
 E - a +2 great mace of draining
 F - the +6 dire flail of Infinite Pain {vorpal, rF+ rC- Str+3}
   (Trog gifted it to you in the Dungeon)

   It inflicts extra damage upon your enemies.
   Str:       It affects your strength (+3).
   rF:        It protects you from fire.
   rC:        It makes you vulnerable to cold.
Missiles
 k - 7 javelins (quivered)
 t - 2 throwing nets
Armour
 i - a +0 kite shield of positive energy
 q - the +0 pair of boots "Wimuo" (worn) {rElec MP+9 Int-5 Dex+5}
   (You found it in the Dungeon)

   Int:       It affects your intelligence (-5).
   Dex:       It affects your dexterity (+5).
   rElec:     It insulates you from electricity.
   MP:        It affects your magic capacity (+9).
 w - the +1 cloak of Cilehaid (worn) {Rampage +Inv SInv}
   (You bought it in a shop in the Dungeon)

   SInv:      It lets you see invisible.
   +Inv:      It lets you turn invisible.
   Rampage:   It bestows one free step when moving towards enemies.
 A - a +1 pair of gloves (worn)
Jewellery
 s - a ring of protection from fire
 y - a ring of protection from cold
 H - a +6 ring of strength (left hand)
 I - a +6 ring of strength (right hand)
Wands
 h - a wand of acid (10)
 r - a wand of flame (14)
 B - a wand of mindburst (10)
 C - a wand of charming (4)
 D - a wand of iceblast (10)
Scrolls
 g - 3 scrolls of blinking
 j - 4 scrolls of enchant armour
 n - 8 scrolls of fog
 o - 3 scrolls of identify
 p - 4 scrolls of fear
 u - 2 scrolls of enchant weapon
Potions
 b - 9 potions of curing
 c - 11 potions of heal wounds
 d - 4 potions of haste
 e - 5 potions of magic
 f - 3 potions of invisibility
 l - 4 potions of mutation
 m - 3 potions of might


   Skills:
 O Level 27 Fighting
 O Level 27 Maces & Flails
 + Level 1.0 Throwing
 + Level 17.6 Dodging
 + Level 22.3 Stealth


You had 14 spell levels left.
You didn't know any spells.
Your spell library was empty.

Dungeon Overview and Level Annotations

Branches:
Dungeon (1/1)

Altars:
Cheibriados
Dithmenos
Elyvilon
Fedhas
Gozag
Hepliaklqana
Kikubaaqudgha
Makhleb
Nemelex Xobeh
Okawaru
Qazlal
Ru
Sif Muna
Trog
Uskayaw
Vehumet
Wu Jian
Xom
Yredelemnul
Zin
The Shining One
Beogh
Jiyva
Lugonu

Shops:
D [*(?


Innate Abilities, Weirdness & Mutations

You can breathe blasts of noxious fumes.
Your lurid green scales are hard. (AC +9)
You cannot fit into any form of body armour.
Your tail ends in a venomous barb.
Your system is resistant to poisons. (rPois)
You are cold-blooded and may be slowed by cold attacks.


Message History

The poison arrow hits you!!
You are more poisoned.
You partially resist. The nagaraja completely misses you.
The nagaraja constricts you.
The nagaraja hits you from afar with a +0 halberd!!!
* * * LOW HITPOINT WARNING * * *
You escape the nagaraja's grasp.
You feel very sick.
The nagaraja hits you with a +0 halberd.
* * * LOW HITPOINT WARNING * * *
The nagaraja grabs you. The nagaraja constricts you.
* * * LOW HITPOINT WARNING * * *
The nagaraja spits poison at you.
The splash of poison hits you but does no damage.
The nagaraja constricts you.
* * * LOW HITPOINT WARNING * * *
Things that are here:
a +0 trident; a serpentine rune of Zot You flatten the nagaraja like a pancake!!!
The nagaraja's magic leaks into the air.
The nagaraja is heavily wounded.
You feel very sick.
The naga mage no longer looks unusually strong.
The nagaraja no longer looks unusually strong.
The nagaraja spits poison at you.
The splash of poison hits you but does no damage.
The nagaraja constricts you.
* * * LOW HITPOINT WARNING * * *
The nagaraja closely misses you.
Unknown command.
Blink to where?
Press: ? - help, Dir - move target The nagaraja's grasp on you weakens, but your attempt to escape fails.
As you read the scroll of blinking, it crumbles to dust.
You feel very sick. The nagaraja casts a spell at you.
The poison arrow hits you!!
You are lethally poisoned!
You partially resist.
You die...

))))))))'..()....)).)).()..).....
▓▓▓▓▓▓▓▓▓▓▓▓▓▓▓▓▓▓▓▓▓▓▓▓▓▓▓▓▓▓▓▓▓
.................................
▓▓▓▓▓▓▓▓▓▓▓▓▓▓▓▓▓▓▓▓▓▓▓▓▓▓▓▓▓▓▓▓▓
........[[[[=[...)))))).........'
▓▓▓▓▓▓▓▓▓▓▓▓▓▓▓▓▓▓▓▓▓▓▓▓▓▓▓▓▓▓▓▓▓
.................................
▓▓▓▓▓▓▓▓▓▓▓▓▓▓▓▓▓▓▓▓▓▓▓▓♣♣♣♣♣♣♣♣♣
+...SNN@N))))))....†...[
▓▓▓▓▓▓▓▓▓▓▓▓▓▓▓♣♣♣♣♣♣♣♣♣


You could see 2 nagarajas, a guardian serpent and a naga mage (fast).

Vanquished Creatures
  Saint Roka (D)
  Rupert (D)
  3 liches (D)
  Gastronok (D)
  2 sphinxes (D)
  Kirke (D)
  Agnes (D)
  6 nagarajas (D)
  A fenstrider witch (D)
  4 frost giants (D)
  Aizul (D)
  A vault warden (D)
  4 stone giants (D)
  4 ironbound preservers (D)
  A very ugly thing (D)
  A vampire knight (D)
  Nessos (D)
  2 eleionomae (D)
  An entropy weaver (D)
  A bunyip (D)
  4 spark wasps (D)
  2 merfolk impalers (D)
  Snorg (D)
  A great orb of eyes (D)
  3 naga warriors (D)
  8 hydras (D)
  Harold (D)
  4 centaur warriors (D)
  2 radroaches (D)
  5 ogre magi (D)
  An alligator snapping turtle (D)
  5 death yaks (D)
  7 two-headed ogres (D)
  A deep troll shaman (D)
  A tengu warrior (D)
  A hell knight (D)
  2 deep troll earth magi (D)
  A shock serpent (D)
  2 spriggan berserkers (D)
  Urug (D)
  2 spriggan druids (D)
  A sun moth (D)
  A glowing orange brain (D)
  4 swamp dragons (D)
  2 ironbound convokers (D)
  2 naga ritualists (D)
  A necromancer (D)
  A bog body (D)
  4 wizards (D)
  4 orc knights (D)
  A harpy (D)
  2 wolf spiders (D)
  A will-o-the-wisp (D)
  2 ugly things (D)
  4 manticores (D)
  A salamander (D)
  A moth of wrath (D)
  Maurice (D)
  3 black mambas (D)
  4 cane toads (D)
  2 naga magi (D)
  A torpor snail (D)
  4 vault sentinels (D)
  A yaktaur (D)
  A rime drake (D)
  An efreet (D)
  3 komodo dragons (D)
  A tengu conjurer (D)
  A polar bear (D)
  2 wind drakes (D)
  A tarantella (D)
  A blink frog (D)
  2 slime creatures (D)
  2 wraiths (D)
  A water elemental (D)
  A shadow (D)
  A wyvern (D)
  5 yaks (D)
  2 hogs (D)
  A human (D)
  A redback (D)
  2 vampire mosquitoes (D)
  2 water moccasins (D)
  2 wargs (D)
  A floating eye (shapeshifter) (D)
  A swamp drake (D)
  9 orc warriors (D)
  3 ogres (D)
  3 bullfrogs (D)
  A gnoll sergeant (D)
  A killer bee (D)
  A howler monkey (D)
  A gnoll shaman (D)
  6 orc priests (D)
  3 orc wizards (D)
  A gnoll (D)
  7 orcs (D)
  A giant cockroach (D)
  A goblin (D)
  2 hobgoblins (D)
  A quokka (D)
  A ball python skeleton (D)
  A ball python zombie (D)
219 creatures vanquished.

Vanquished Creatures (others)
  A human (D)
1 creature vanquished.

Grand Total: 220 creatures vanquished

Notes
Turn   | Place    | Note
-------+----------+-------------------------------------------
     0 | D        | mhtbhm the Draconian Berserker began the quest for the Orb.
     0 | D        | Reached XP level 1. HP: 19/19 MP: 1/1
     9 | D        | Reached ** piety under Trog
    15 | D        | Banished a spatial maelstrom
    84 | D        | Noticed a gnoll shaman
    84 | D        | Noticed a howler monkey
    89 | D        | Reached XP level 2. HP: 28/28 MP: 2/2
    91 | D        | Killed a howler monkey
    91 | D        | Reached *** piety under Trog
    92 | D        | Reached skill level 5 in Fighting
    92 | D        | Reached skill level 5 in Maces & Flails
    92 | D        | Reached XP level 3. HP: 37/37 MP: 3/3
    95 | D        | Reached XP level 4. HP: 44/44 MP: 4/4
   137 | D        | Found a snail-covered altar of Cheibriados.
   137 | D        | Found a shadowy altar of Dithmenos.
   137 | D        | Found a white marble altar of Elyvilon.
   137 | D        | Found a blossoming altar of Fedhas.
   137 | D        | Found an opulent altar of Gozag.
   138 | D        | Found a hazy altar of Hepliaklqana.
   139 | D        | Found a viscous altar of Jiyva.
   140 | D        | Found an ancient bone altar of Kikubaaqudgha.
   141 | D        | Found a corrupted altar of Lugonu.
   142 | D        | Found a burning altar of Makhleb.
   143 | D        | Found a sparkling altar of Nemelex Xobeh.
   144 | D        | Found an iron altar of Okawaru.
   145 | D        | Found a stormy altar of Qazlal.
   146 | D        | Found a sacrificial altar of Ru.
   147 | D        | Found a shimmering blue altar of Sif Muna.
   148 | D        | Found a bloodstained altar of Trog.
   149 | D        | Found a hide-covered altar of Uskayaw.
   158 | D        | Found a radiant altar of Vehumet.
   159 | D        | Found an ornate altar of the Wu Jian Council.
   160 | D        | Found a shimmering altar of Xom.
   161 | D        | Found a basalt altar of Yredelemnul.
   162 | D        | Found a glowing silver altar of Zin.
   163 | D        | Found a glowing golden altar of the Shining One.
   198 | D        | Noticed a komodo dragon
   198 | D        | Noticed a gnoll sergeant
   198 | D        | Noticed a wraith
   198 | D        | Noticed a wraith
   205 | D        | Killed a wraith
   205 | D        | Reached **** piety under Trog
   206 | D        | Reached XP level 5. HP: 55/55 MP: 5/5
   208 | D        | Killed a wraith
   209 | D        | Reached XP level 6. HP: 64/64 MP: 6/6
   214 | D        | Reached skill level 10 in Maces & Flails
   217 | D        | Reached ***** piety under Trog
   218 | D        | Reached skill level 10 in Fighting
   220 | D        | Killed a komodo dragon
   221 | D        | Your scales start taking on a lurid green colour.
   221 | D        | Reached XP level 7. HP: 73/73 MP: 7/7
   221 | D        | Gained mutation: Your system is resistant to poisons.
                  | (rPois) [Green Draconian growth]
   273 | D        | Noticed a centaur warrior
   273 | D        | Noticed a tengu warrior
   273 | D        | Noticed a shadow
   273 | D        | Noticed a centaur warrior
   273 | D        | Noticed a purple ugly thing
   273 | D        | Noticed a slime creature
   278 | D        | Killed a slime creature
   281 | D        | Killed a purple ugly thing
   282 | D        | Reached XP level 8. HP: 83/83 MP: 8/8
   285 | D        | Killed a centaur warrior
   285 | D        | Received a gift from Trog
   287 | D        | Reached XP level 9. HP: 93/93 MP: 9/9
   287 | D        | Killed a centaur warrior
   288 | D        | Reached skill level 15 in Maces & Flails
   288 | D        | Reached skill level 1 in Stealth
   291 | D        | Killed a tengu warrior
   536 | D        | Noticed a komodo dragon
   536 | D        | Noticed a cane toad
   536 | D        | Noticed a polar bear
   541 | D        | Noticed a five-headed hydra
   543 | D        | Killed a polar bear
   545 | D        | Killed a cane toad
   546 | D        | Noticed a cane toad
   547 | D        | Received a gift from Trog
   549 | D        | Killed a komodo dragon
   550 | D        | Reached skill level 10 in Dodging
   550 | D        | Reached XP level 10. HP: 104/104 MP: 10/10
   555 | D        | Killed a five-headed hydra
   556 | D        | Reached skill level 15 in Fighting
   564 | D        | Killed a cane toad
   667 | D        | Noticed a cane toad
   667 | D        | Noticed a cane toad
   673 | D        | Received a gift from Trog
   676 | D        | Killed a cane toad
   681 | D        | Killed a cane toad
   681 | D        | Reached ****** piety under Trog
   751 | D        | Noticed a death yak
   751 | D        | Noticed a death yak
   751 | D        | Noticed a death yak
   751 | D        | Noticed a death yak
   756 | D        | Noticed a death yak
   756 | D        | Killed a death yak
   761 | D        | Killed a death yak
   762 | D        | Reached skill level 5 in Stealth
   762 | D        | Reached XP level 11. HP: 115/115 MP: 3/11
   763 | D        | Killed a death yak
   763 | D        | Received a gift from Trog
   766 | D        | Killed a death yak
   770 | D        | Killed a death yak
   845 | D        | Noticed Maurice
   851 | D        | Noticed Gastronok
   855 | D        | Killed Maurice
   867 | D        | Killed Gastronok
   906 | D        | Noticed Harold
   915 | D        | Killed Harold
   915 | D        | Received a gift from Trog
  1059 | D        | Noticed an orc knight
  1065 | D        | Killed an orc knight
  1075 | D        | Received a gift from Trog
  1236 | D        | Noticed an orc knight
  1236 | D        | Noticed an orc knight
  1243 | D        | Killed an orc knight
  1244 | D        | Received a gift from Trog
  1247 | D        | Killed an orc knight
  1249 | D        | Noticed an orc knight
  1265 | D        | Killed an orc knight
  1496 | D        | Found Xeagy's Magic Scroll Boutique.
  1496 | D        | Noticed a two-headed ogre
  1496 | D        | Noticed a two-headed ogre
  1496 | D        | Noticed a two-headed ogre
  1498 | D        | Killed a two-headed ogre
  1498 | D        | Received a gift from Trog
  1499 | D        | Reached XP level 12. HP: 128/128 MP: 4/12
  1499 | D        | Noticed an ogre mage
  1501 | D        | Found Tithraym's Antique Weapon Shop.
  1501 | D        | Killed a two-headed ogre
  1502 | D        | Noticed a two-headed ogre
  1503 | D        | Killed a two-headed ogre
  1504 | D        | Noticed a two-headed ogre
  1505 | D        | Found Xiblexam's Assorted Antiques.
  1508 | D        | Killed an ogre mage
  1509 | D        | Noticed an ogre mage
  1514 | D        | Killed a two-headed ogre
  1518 | D        | Killed a two-headed ogre
  1518 | D        | Received a gift from Trog
  1519 | D        | Reached skill level 10 in Stealth
  1519 | D        | Found Vummaum's Antique Armour Shop.
  1523 | D        | Killed an ogre mage
  1637 | D        | Noticed an ogre mage
  1637 | D        | Noticed a two-headed ogre
  1638 | D        | Noticed a two-headed ogre
  1639 | D        | Noticed an ogre mage
  1645 | D        | Killed a two-headed ogre
  1648 | D        | Killed an ogre mage
  1650 | D        | Killed a two-headed ogre
  1650 | D        | Received a gift from Trog
  1653 | D        | Killed an ogre mage
  1702 | D        | Bought a scroll of enchant weapon for 75 gold pieces
  1702 | D        | Bought a scroll of identify for 20 gold pieces
  1702 | D        | Bought a scroll of enchant weapon for 75 gold pieces
  1706 | D        | Bought a diamond ring for 110 gold pieces
  1708 | D        | Bought a heavily runed cloak for 199 gold pieces
  1708 | D        | Identified the +1 cloak of Cilehaid {Rampage +Inv SInv}
                  | (You bought it in a shop in the Dungeon)
  1769 | D        | Noticed Urug
  1776 | D        | Killed Urug
  1942 | D        | Noticed an ogre mage
  1947 | D        | Killed an ogre mage
  1948 | D        | Received a gift from Trog
  2081 | D        | Noticed a stone giant
  2083 | D        | Noticed a centaur warrior
  2088 | D        | Noticed a deep troll earth mage
  2097 | D        | Noticed a spark wasp
  2098 | D        | Killed a stone giant
  2098 | D        | Received a gift from Trog
  2099 | D        | Noticed a stone giant
  2101 | D        | Killed a centaur warrior
  2105 | D        | Killed a deep troll earth mage
  2114 | D        | Killed a spark wasp
  2115 | D        | Reached XP level 13. HP: 68/143 MP: 4/13
  2118 | D        | Killed a stone giant
  2118 | D        | Received a gift from Trog
  2629 | D        | Noticed Saint Roka
  2643 | D        | Killed Saint Roka
  2643 | D        | Received a gift from Trog
  2651 | D        | Noticed Kirke
  2782 | D        | Killed Kirke
  2783 | D        | Reached skill level 1 in Throwing
  2866 | D        | Noticed Snorg
  2898 | D        | Killed Snorg
  2898 | D        | Received a gift from Trog
  3010 | D        | Noticed an entropy weaver
  3010 | D        | Noticed a spark wasp
  3019 | D        | Killed an entropy weaver
  3020 | D        | Killed a spark wasp
  3020 | D        | Received a gift from Trog
  3245 | D        | Noticed a nagaraja
  3252 | D        | Received a gift from Trog
  3253 | D        | Reached skill level 15 in Stealth
  3256 | D        | Killed a nagaraja
  3403 | D        | Noticed a merfolk impaler
  3403 | D        | Noticed a merfolk impaler
  3409 | D        | Received a gift from Trog
  3412 | D        | Killed a merfolk impaler
  3414 | D        | Killed a merfolk impaler
  3434 | D        | Received a gift from Trog
  3723 | D        | Noticed a bunyip
  3723 | D        | Noticed an eleionoma
  3723 | D        | Noticed an eleionoma
  3723 | D        | Noticed a fenstrider witch
  3732 | D        | Killed a fenstrider witch
  3733 | D        | Gained mutation: Your tail ends in a venomous barb. [Green
                  | Draconian growth]
  3733 | D        | Reached XP level 14. HP: 157/158 MP: 4/14
  3744 | D        | Received a gift from Trog
  3760 | D        | Received a gift from Trog
  4134 | D        | Noticed Rupert
  4140 | D        | Killed Rupert
  4241 | D        | Noticed Aizul
  4258 | D        | Killed Aizul
  4535 | D        | Noticed Nessos
  4543 | D        | Killed Nessos
  4543 | D        | Received a gift from Trog
  4552 | D        | Noticed Agnes
  4556 | D        | Killed Agnes
  4586 | D        | Noticed a frost giant
  4586 | D        | Noticed a frost giant
  4586 | D        | Noticed a lich
  4586 | D        | Noticed a frost giant
  4593 | D        | Killed a frost giant
  4593 | D        | Identified the +6 dire flail of Infinite Pain {vorpal, rF+
                  | rC- Str+3} (Trog gifted it to you in the Dungeon)
  4593 | D        | Received a gift from Trog
  4594 | D        | Noticed a stone giant
  4594 | D        | Noticed a sphinx
  4598 | D        | Killed a lich
  4602 | D        | Killed a frost giant
  4602 | D        | Noticed a lich
  4606 | D        | Killed a frost giant
  4606 | D        | Received a gift from Trog
  4608 | D        | Noticed a vampire knight
  4611 | D        | Killed a stone giant
  4615 | D        | Killed a sphinx
  4624 | D        | Killed a lich
  4625 | D        | Noticed a lich
  4630 | D        | Killed a vampire knight
  4630 | D        | Received a gift from Trog
  4631 | D        | Noticed a frost giant
  4643 | D        | Killed a lich
  4645 | D        | Killed a frost giant
  4645 | D        | Received a gift from Trog
  4646 | D        | Noticed a stone giant
  4652 | D        | Killed a stone giant
  4653 | D        | Reached skill level 27 in Fighting
  4867 | D        | Noticed an ironbound preserver
  4867 | D        | Noticed a purple very ugly thing
  4867 | D        | Noticed an ironbound preserver
  4872 | D        | Killed an ironbound preserver
  4872 | D        | Received a gift from Trog
  4878 | D        | Killed a purple very ugly thing
  4881 | D        | Killed an ironbound preserver
  4882 | D        | Reached XP level 15. HP: 172/174 MP: 5/15
  4884 | D        | Reached skill level 27 in Maces & Flails
  4887 | D        | Noticed a sphinx
  4892 | D        | Received a gift from Trog
  4906 | D        | Received a gift from Trog
  4909 | D        | Reached skill level 15 in Dodging
  4910 | D        | Killed a sphinx
  4925 | D        | Received a gift from Trog
  5038 | D        | Noticed a vault warden
  5048 | D        | Killed a vault warden
  5254 | D        | Got the +0 pair of boots "Wimuo" {rElec MP+9 Int-5 Dex+5}
  5427 | D        | Identified the +7 executioner's axe of Reinforcement
                  | {flame, rN+ Dex+3} (Trog gifted it to you in the Dungeon)
  5427 | D        | Received a gift from Trog
  5458 | D        | Got a decaying rune of Zot
  5510 | D        | Noticed a nagaraja
  5510 | D        | Noticed a nagaraja
  5521 | D        | Noticed a nagaraja
  5523 | D        | Noticed a nagaraja
  5523 | D        | Killed a nagaraja
  5523 | D        | Received a gift from Trog
  5527 | D        | Noticed a nagaraja
  5530 | D        | Noticed a nagaraja
  5531 | D        | Noticed a nagaraja
  5532 | D        | Killed a nagaraja
  5532 | D        | Received a gift from Trog
  5535 | D        | Killed a nagaraja
  5536 | D        | Killed a nagaraja
  5536 | D        | Received a gift from Trog
  5540 | D        | Killed a nagaraja
  5549 | D        | Killed from afar by a nagaraja

Illustrated notes

Levels and vault maps discovered:
D:        linesprint [early_d, line_temple, items_1, d_10, items_2, lair_1,
          lair_end, items_3, orc_1, orc_end, items_4, d_15, swamp_1, shoals_1,
          snake_1, spider_1, d_20, vaults_1, items_5, swamp_end, shoals_end,
          snake_end, spider_end, vaults_end, d_27, items_6, zot_1, zot_end,
          crypt_end, forest_end, elf_end, slime_end, tomb_end, abyss_end,
          pan_hell_end]

Skill      XL: |  1  2  3  4  5  6  7  8  9 10 11 12 13 14 15 |
---------------+----------------------------------------------+-----
Dodging        | 3 4 6 7 8 9 10 11 12 13 14 17 | 17.6
Fighting       | 4 5 6 8 9 10 12 13 14 16 18 21 23 27 | 27.0
Maces & Flails | 4 5 6 8 9 11 12 14 16 18 21 22 24 26 27 | 27.0
Stealth        | 2 5 8 12 16 17 22 | 22.3
Throwing       | 1 |  1.0

Action                   |  1- 3 |  4- 6 |  7- 9 | 10-12 | 13-15 || total
-------------------------+-------+-------+-------+-------+-------++-------
Melee: Mace              |    21 |     1 |       |       |       ||    22
       Tailslap          |     1 |     1 |     5 |    43 |    80 ||   130
       Punch             |     1 |       |       |       |       ||     1
       Dire flail        |       |    20 |    23 |    35 |       ||    78
       Great mace        |       |       |       |   150 |   368 ||   518
Throw: Javelin           |       |       |       |     1 |       ||     1
Invok: Berserk           |       |     1 |     2 |     7 |     8 ||    18
 Abil: Breathe Noxious F |       |       |     1 |    10 |    16 ||    27
  Use: Potion            |     1 |       |       |       |       ||     1
       Scroll            |       |       |       |       |     1 ||     1
 Stab: Confused          |       |       |     2 |    17 |    20 ||    39
       Sleeping          |       |       |       |     1 |     4 ||     5
Armor: Skin              |     3 |     1 |     4 |    13 |    59 ||    80
Dodge: Dodged            |    11 |     8 |     8 |    67 |   140 ||   234

Table legend: (Time is in decaauts)
 A = Elapsed time spent in this place.
 B = Non-inter-level travel time spent in this place.
 C = Inter-level travel time spent in this place.
 D = Time resting spent in this place.
 E = Time spent auto-exploring this place.
 F = Levels seen in this place.
 G = Mean time per level.
                   A        B        C        D        E       F      G
               +--------+--------+--------+--------+--------+-----+--------+
         Total |   5516 |   5516 |      0 |   3131 |    834 |   1 | 5516.0 |
       Dungeon |   5516 |   5516 |      0 |   3131 |    834 |   1 | 5516.0 |
               +--------+--------+--------+--------+--------+-----+--------+

Top non-repeatable levels by time:
       D: 5516 daAuts
